 Dungeon Crawl Stone Soup version 0.21-a0-91-ga5031da (webtiles) character file.

12527 grindst0ne the Cleaver (level 11, 0/104 HPs)
             Began as a Minotaur Fighter on June 28, 2017.
             Was a High Priest of Okawaru.
             Slain by Snorg (11 damage)
             ... on level 11 of the Dungeon.
             The game lasted 00:19:04 (11641 turns).

grindst0ne the Cleaver (Minotaur Fighter)          Turns: 11641, Time: 00:19:05

Health: 0/104      AC: 25    Str: 20    XL:     11   Next: 63%
Magic:  17/22      EV:  8    Int:  8    God:    Okawaru [*****.]
Gold:   705        SH: 11    Dex: 12    Spells: 10/10 levels left

rFire    . . .     SeeInvis +   E - +0 war axe (chop)
rCold    . . .     Gourm    .   c - +0 shield
rNeg     . . .     Faith    .   z - +2 plate armour {MR+}
rPois    +         Spirit   .   (helmet restricted)
rElec    .         Reflect  .   K - +0 cloak
rCorr    .         Harm     .   e - +2 pair of gloves {archery}
MR       +++..                  (no boots)
Stlth    ..........             d - amulet "Seoddy" {+Rage MR++ Str-2 Int+3 SInv}
HPRegen  0.00/turn              n - ring of poison resistance
MPRegen  0.18/turn              I - ring of magical power

@: heroism
A: retaliatory headbutt, horns 2, talons 1, inhibited regeneration, MP-powered
wands
a: Heroism, Finesse, Renounce Religion, Evoke Berserk Rage


You were on level 11 of the Dungeon.
You worshipped Okawaru.
Okawaru was extremely pleased with you.
You were not hungry.

You visited 2 branches of the dungeon, and saw 12 of its levels.

You collected 795 gold pieces.
You spent 90 gold pieces at shops.

Inventory:

Hand Weapons
 a - a +0 war axe
 p - a +2 trident of protection
 E - a +0 war axe of chopping (weapon)
 L - the +4 mace "Oxkiciv" {antimagic, rF+ MR+ Str+3}
   (You found it on level 7 of the Dungeon)

   It reduces the magical energy of the wielder, and disrupts the spells and
   magical abilities of those hit.
   Natural abilities and divine invocations are not affected.
   It affects your strength (+3).
   It protects you from fire.
   It affects your resistance to hostile enchantments.
Armour
 b - a +0 scale mail
 c - a +0 shield (worn)
 e - a +2 pair of gloves of archery (worn)
 w - a +0 chain mail
 z - a +2 plate armour of magic resistance (worn)
 K - a +0 cloak (worn)
 R - a +0 plate armour of cold resistance
Jewellery
 d - the amulet "Seoddy" (around neck) {+Rage MR++ Str-2 Int+3 SInv}
   (You found it on level 10 of the Dungeon)

   [amulet of rage]

   It affects your strength (-2).
   It affects your intelligence (+3).
   It affects your resistance to hostile enchantments.
   It lets you see invisible.
   It lets you go berserk.
 n - a ring of poison resistance (left hand)
 I - a ring of magical power (right hand)
 Q - an uncursed amulet of harm {unknown}
Wands
 A - a wand of random effects (22/48)
 G - a wand of acid (1/15)
Scrolls
 g - 2 scrolls of enchant weapon {unknown}
 h - 3 scrolls of amnesia
 i - 4 scrolls of remove curse
 j - 4 scrolls of fear
 l - 7 scrolls of teleportation
 m - a scroll of noise
 r - a scroll of vulnerability {unknown}
 s - 3 scrolls of random uselessness
 x - a scroll of fog
 D - a scroll of identify
 F - 5 scrolls of magic mapping
 H - a scroll of recharging
 M - a scroll of blinking {unknown}
Potions
 o - a potion of agility
 v - 3 potions of curing {unknown}
 C - a potion of flight {unknown}
 N - a potion of cancellation {unknown}
 P - a potion of magic {unknown}
Books
 y - a book of Battle

   Spells                             Type                      Level
   a - Infusion                       Charms                       1
   b - Shroud of Golubria             Charms/Translocation         2
   c - Song of Slaying                Charms                       2
   d - Spectral Weapon                Hexes/Charms                 3
   e - Regeneration                   Charms/Necromancy            3
 B - a book of Geomancy

   Spells                             Type                      Level
   a - Sandblast                      Earth                        1
   b - Passwall                       Transmutation/Earth          2
   c - Stone Arrow                    Conjuration/Earth            3
   d - Petrify                        Transmutation/Earth          4
   e - Lee's Rapid Deconstruction     Earth                        5
 J - a book of Cantrips

   Spells                             Type                      Level
   a - Confusing Touch                Hexes                        1
   b - Animate Skeleton               Necromancy                   1
   c - Summon Small Mammal            Summoning                    1
   d - Apportation                    Translocation                1
Comestibles
 f - 3 bread rations
 k - 7 meat rations
 q - 2 royal jellies
 t - a chunk of flesh
 u - 10 fruits


   Skills:
 + Level 11.9(16.9) Fighting
 * Level 13.6(18.6) Axes
 + Level 11.9(16.9) Armour
 - Level 3.6(8.6) Shields
 + Level 4.8 Evocations


You had 10 spell levels left.
You didn't know any spells.

Dungeon Overview and Level Annotations

Branches:
Dungeon (11/15)            Temple (1/1) D:4             Orc (0/2) D:9
   Lair: D:8-11

Altars:
Ashenzari
Cheibriados
Dithmenos
Elyvilon
Fedhas
Gozag
Hepliaklqana
Kikubaaqudgha
Makhleb
Nemelex Xobeh
Okawaru
Qazlal
Ru
Sif Muna
Trog
Uskayaw
Vehumet
Wu Jian
Xom
Yredelemnul
Zin
The Shining One
Beogh

Shops:
D:4 [

Annotations:
D:11 Snorg


Innate Abilities, Weirdness & Mutations

You reflexively headbutt those who attack you in melee.
You have a pair of horns on your head.
You have sharp toenails.
You do not regenerate when monsters are visible.
You expend magic power (3 MP) to strengthen your wands.


Message History

Aim: Snorg (severely wounded, berserk, fast, unusually strong)
The bolt of acid hits Snorg.
Snorg is splashed with acid.
The acid corrodes Snorg!
Snorg is almost dead.
This wand has 1 charge left.
Snorg bites you!
* * * LOW HITPOINT WARNING * * *
Snorg claws you.
* * * LOW HITPOINT WARNING * * *
Snorg claws you but does no damage. Snorg bites you but does no damage.
You block Snorg's attack. Snorg claws you but does no damage.
You hear a shout!
Okay, then.
Okay, then.
Press: ? - help, v - describe, . - travel
Here: Snorg (almost dead, berserk, fast, unusually strong, covered in acid)
The floor.
You gain the combat prowess of a mighty hero.
Snorg barely misses you. Snorg claws you!
You die...

#.. #.# #.# #.# #.# ..
#.# .. #.# .# .
###.#######D####..
########......@.#......#
#......#.##...#T#.....
###.##.#.#....#D#.#.#..#
#.##.#.####.#.V†.....#
#.##.#.#....#.###....#
#.##.#.#.####.# ...#
#...[..#.# #.# .##
####.###.# #.. .# #.#
#.# ### #


You could see Snorg (berserk), a vampire and an acid dragon.

Vanquished Creatures
  A death knight (D:10)
  2 two-headed ogres (D:8)
  An unseen horror (D:7)
  A centaur zombie (D:11)
  Joseph (D:8)
  Psyche (D:8)
  A gargoyle (D:10)
  A troll (D:10)
  2 hippogriffs
  10 yaks
  A shadow (D:10)
  3 wyverns
  Grum (D:8)
  2 hungry ghosts
  4 sky beasts
  2 black bears (D:7)
  5 orc warriors
  4 ice beasts
  9 ogres
  2 wolves (D:8)
  A necrophage (D:9)
  3 phantoms
  2 centaurs
  A big kobold (D:10)
  8 bullfrogs
  A water moccasin zombie (D:10)
  A wyvern skeleton (D:8)
  A troll zombie (D:9)
  A scorpion (D:5)
  3 howler monkeys
  4 wights (D:6)
  4 crimson imps
  A bullfrog zombie (D:8)
  Crazy Yiuf (D:7)
  3 jellies
  2 quasits
  8 orc priests
  3 bullfrog skeletons
  A centaur skeleton (D:8)
  8 hounds
  7 orc wizards
  4 iguanas
  9 worker ants
  5 ogre zombies (D:9)
  A hound skeleton (D:9)
  3 howler monkey skeletons
  9 adders
  A shadow imp (D:6)
  2 oozes
  2 adder skeletons
  2 adder zombies
  2 dart slugs (D:3)
  4 worms (D:2)
  4 leopard geckos
  73 orcs
  9 giant cockroaches
  4 goblins
  16 hobgoblins
  14 jackals
  12 kobolds
  6 quokkas
  A ball python (D:2)
  12 bats
  5 frilled lizards
  2 goblin zombies (D:9)
  4 hobgoblin zombies (D:9)
  A jackal skeleton (D:4)
  An orc skeleton (D:9)
  12 orc zombies (D:9)
  A quokka skeleton (D:6)
  11 rats
350 creatures vanquished.

Notes
Turn   | Place    | Note
-------+----------+-------------------------------------------
     0 | D:1      | grindst0ne the Minotaur Fighter began the quest for the Orb.
     0 | D:1      | Reached XP level 1. HP: 19/19 MP: 0/0
   120 | D:1      | Reached XP level 2. HP: 27/27 MP: 1/1
   634 | D:2      | Reached XP level 3. HP: 32/34 MP: 2/2
   766 | D:2      | Reached skill level 5 in Armour
   785 | D:2      | Reached XP level 4. HP: 27/41 MP: 3/3
   893 | D:2      | Reached skill level 5 in Fighting
  1541 | D:3      | Reached XP level 5. HP: 48/48 MP: 4/4
  1966 | D:4      | Found a staircase to the Ecumenical Temple.
  1993 | Temple   | Entered the Ecumenical Temple
  2148 | Temple   | Became a worshipper of Warmaster Okawaru
  2194 | D:4      | Reached XP level 6. HP: 44/57 MP: 5/5
  2211 | D:4      | Found Zuaz's Antique Armour Boutique.
  2544 | D:4      | Reached * piety under Okawaru
  2766 | D:4      | Reached XP level 7. HP: 57/66 MP: 6/6
  2901 | D:5      | Entered Level 5 of the Dungeon
  2998 | D:5      | Reached skill level 3 in Axes
  3141 | D:5      | Reached skill level 4 in Axes
  3246 | D:4      | Bought a chain mail for 90 gold pieces
  3282 | D:5      | Found a bloodstained altar of Trog.
  3282 | D:5      | Found a glowing silver altar of Zin.
  3297 | D:5      | Found a deep blue altar of Sif Muna.
  3306 | D:5      | Found a sacrificial altar of Ru.
  3378 | D:5      | Reached ** piety under Okawaru
  3378 | D:5      | Reached skill level 5 in Axes
  3724 | D:5      | Found an ancient bone altar of Kikubaaqudgha.
  3725 | D:5      | Found a blossoming altar of Fedhas.
  3792 | D:5      | Found a shimmering altar of Xom.
  3793 | D:5      | Found a hazy altar of Hepliaklqana.
  3793 | D:5      | Noticed a yak
  3794 | D:5      | Noticed a spectral ugly thing
  3794 | D:5      | Noticed a yak
  4119 | D:6      | Reached XP level 8. HP: 63/74 MP: 7/7
  4174 | D:6      | Reached skill level 6 in Axes
  4536 | D:6      | Reached skill level 7 in Axes
  4792 | D:7      | Found a white marble altar of Elyvilon.
  4865 | D:7      | Found an ornate altar of the Wu Jian Council.
  4866 | D:7      | Found a white marble altar of Elyvilon.
  4996 | D:7      | Killed an unseen horror
  4996 | D:7      | Reached *** piety under Okawaru
  4996 | D:7      | Reached skill level 8 in Axes
  4996 | D:7      | Reached XP level 9. HP: 25/83 MP: 8/8
  5316 | D:7      | Reached skill level 9 in Axes
  5357 | D:7      | Found a runed door.
  5826 | D:7      | Reached **** piety under Okawaru
  6392 | D:7      | Noticed Crazy Yiuf
  6398 | D:7      | Killed Crazy Yiuf
  6409 | D:7      | Got a dazzling mace
  6412 | D:7      | Identified the +4 mace "Oxkiciv" {antimagic, rF+ MR+ Str+3} (You found it on level 7 of the Dungeon)
  6568 | D:7      | Reached skill level 10 in Axes
  6572 | D:7      | Reached skill level 10 in Fighting
  6693 | D:7      | Reached skill level 10 in Armour
  6983 | D:8      | Noticed Joseph
  7013 | D:8      | Killed Joseph
  7013 | D:8      | Reached XP level 10. HP: 65/93 MP: 9/9
  7138 | D:8      | Noticed a two-headed ogre
  7144 | D:8      | Killed a two-headed ogre
  7144 | D:8      | Reached skill level 11 in Axes
  7144 | D:8      | Reached skill level 1 in Evocations
  7289 | D:8      | Noticed Grum
  7308 | D:8      | Killed Grum
  7521 | D:8      | Noticed a two-headed ogre
  7529 | D:8      | Killed a two-headed ogre
  7529 | D:8      | Reached ***** piety under Okawaru
  7542 | D:8      | Gained mutation: Your spells are a little harder to cast, but a little more powerful. [mutagenic meat]
  7543 | D:8      | Gained mutation: Your mind is acute. (Int +2) [mutagenic meat]
  7544 | D:8      | Gained mutation: Scrolls take you a little longer to read. [mutagenic meat]
  7545 | D:8      | Gained mutation: You are clumsy. (Dex -2) [mutagenic meat]
  7546 | D:8      | Lost mutation: Your spells are a little harder to cast, but a little more powerful. [mutagenic meat]
  7738 | D:8      | Noticed Psyche
  7742 | D:8      | Killed Psyche
  7850 | D:8      | Reached skill level 12 in Axes
  7856 | D:8      | Received a gift from Okawaru
  8479 | D:9      | Reached XP level 11. HP: 51/102 MP: 12/12
  8679 | D:9      | Found a staircase to the Orcish Mines.
  8862 | D:9      | Found a shattered altar of Ashenzari.
  8887 | D:9      | Gained mutation: You occasionally shout uncontrollably at your foes. [mutagenic meat]
  8888 | D:9      | Gained mutation: You expend magic power (3 MP) to strengthen your wands. [mutagenic meat]
  8889 | D:9      | Gained mutation: You do not regenerate when monsters are visible. [mutagenic meat]
  8890 | D:9      | Gained mutation: Your body sometimes deteriorates upon taking damage. [mutagenic meat]
  8891 | D:9      | Lost mutation: You occasionally shout uncontrollably at your foes. [mutagenic meat]
  8892 | D:9      | Lost mutation: You are clumsy. (Dex -2) [mutagenic meat]
  8953 | D:9      | Found a roughly hewn altar of Beogh.
  9503 | D:10     | Entered Level 10 of the Dungeon
  9812 | D:10     | Noticed a death knight
  9825 | D:10     | Lost mutation: Your body sometimes deteriorates upon taking damage. [potion of mutation]
  9825 | D:10     | Lost mutation: Scrolls take you a little longer to read. [potion of mutation]
  9825 | D:10     | Lost mutation: Your mind is acute. (Int +2) [potion of mutation]
  9825 | D:10     | Gained mutation: You have sharp toenails. [potion of mutation]
  9877 | D:10     | HP: 4/102 [mirror damage (13)]
 10333 | D:10     | Killed a death knight
 10333 | D:10     | Reached skill level 13 in Axes
 10933 | D:10     | Got a glittering silver amulet
 11002 | D:10     | Identified the amulet "Seoddy" {+Rage MR++ Str-2 Int+3 SInv} (You found it on level 10 of the Dungeon)
 11627 | D:11     | Noticed Snorg
 11641 | D:11     | Slain by Snorg

Vault maps used:
D:1:      dpeg_arrival_tiny_f
D:2:      first_bread
D:3:      bh_walls_and_bars
D:4:      minmay_temple_entry_statues_fountains, serial_shops, shop_fountains
D:5:      grunt_temple_overflow_growth_and_decay,
          regret_index_temple_of_mockery, grunt_temple_overflow_cloverleaf
D:7:      gammafunk_temple_overflow_pools, basic_altar, uniq_crazy_yiuf_cottage
D:8:      uniq_grum, uniq_joseph, uniq_psyche
D:9:      overflow_temple_1_default, zombieorc1_lemuel
D:11:     lair_entry_dummy, blue_anna_alchemist, uniq_snorg
Temple:   chequers_temple_sunken

Skill      XL: |  1  2  3  4  5  6  7  8  9 10 11 |
---------------+----------------------------------+-----
Armour         | 4 5 6 7 8 9 10 11 | 11.9
Fighting       | 4 5 6 7 9 10 11 | 11.9
Axes           | 5 8 10 12 13 | 13.6
Evocations     | 3 4 |  4.8
Shields        | |  3.6

Action                   |  1- 3 |  4- 6 |  7- 9 | 10-12 || total
-------------------------+-------+-------+-------+-------++-------
Melee: War axe           |    97 |    28 |   179 |   466 ||   770
       Headbutt          |    16 |    26 |    61 |    87 ||   190
       Trident           |       |   133 |   163 |       ||   296
       Mace              |       |       |     6 |       ||     6
       Kick              |       |       |       |    37 ||    37
Invok: Heroism           |       |       |       |     1 ||     1
Evoke: Wand              |       |       |       |    12 ||    12
  Use: Potion            |       |       |     2 |     5 ||     7
       Scroll            |       |       |       |    13 ||    13
  Eat: Chunk             |       |     6 |    15 |    23 ||    44
       Bread ration      |       |       |       |     1 ||     1
Armor: Scale mail        |    48 |    68 |    38 |       ||   154
       Chain mail        |       |       |   120 |       ||   120
       Plate armour      |       |       |    94 |   207 ||   301
Dodge: Dodged            |    35 |    41 |    69 |    78 ||   223
Block: Shield            |    62 |    83 |   157 |   171 ||   473
